 Dungeon Crawl Stone Soup version 0.31.0-12-g77e489cdc1 (webtiles) character file.

Game seed: 5354615295073657146

33 Marvel the Ducker (level 3, 0/27 HPs)
             Began as a Merfolk Gladiator on Feb 24, 2024.
             Slain by an adder (3 damage)
             ... on level 2 of the Dungeon.
             The game lasted 00:01:25 (1212 turns).

Marvel the Ducker (Merfolk Gladiator)               Turns: 1212, Time: 00:01:26

Health: 0/27       AC:  4    Str: 14    XL:     3   Next: 29%
Magic:  3/3        EV: 14    Int:  7    God:
Gold:   54         SH:  0    Dex: 17    Spells: 2/2 levels left

rFire   . . .        a - +0 rapier
rCold   . . .        (no shield)
rNeg    . . .        b - +0 leather armour
rPois   .            c - +0 helmet
rElec   .            (no cloak)
rCorr   .            (no gloves)
SInv    .            (no boots)
Will    .....        (no amulet)
Stlth   +            (no ring)
HPRegen 0.24/turn    (no ring)
MPRegen 0.08/turn

%: no passive effects
@: lethally poisoned (0 -> -4)
A: (nimble swimmer 2), mertail
a: no special abilities


You were on level 2 of the Dungeon.
You visited 1 branch of the dungeon, and saw 2 of its levels.

You collected 54 gold pieces.

Inventory:

Hand Weapons
 a - a +0 rapier (weapon)
Missiles
 d - 3 throwing nets (quivered)
 e - a javelin
Armour
 b - a +0 leather armour (worn)
 c - a +0 helmet (worn)
Scrolls
 h - 3 scrolls of identify {unknown}
 j - a scroll of blinking {unknown}
 k - a scroll of teleportation {unknown}
Potions
 f - a potion of enlightenment {unknown}
 g - a potion of mutation {unknown}
 i - 2 potions of curing {unknown}
 l - a potion of brilliance {unknown}
 m - a potion of lignification {unknown}


   Skills:
 + Level 2.3 Fighting
 + Level 4.3 Short Blades
 + Level 2.2 Throwing
 + Level 0.2 Armour
 + Level 4.6 Dodging
 + Level 0.2 Stealth


You had 2 spell levels left.
You didn't know any spells.
Your spell library was empty.

Dungeon Overview and Level Annotations

Branches:
Dungeon (2/15)

Altars:


Innate Abilities, Weirdness & Mutations

((You are very nimble when in or above water. (Stealth+, EV+, Speed+++)))
Your lower body shifts to a powerful aquatic tail in water.


Message History

You closely miss the adder.
You feel sick. The adder closely misses you.
You closely miss the adder.
You feel sick. The adder bites you but does no damage.
You hit the adder.
The adder is moderately wounded.
You feel sick.
You are no longer poisoned.
The adder completely misses you. The adder bites you.
You closely miss the adder.
The adder is moderately wounded.
The adder bites you but does no damage.
You hit the adder.
The adder is almost dead.
The adder bites you.
You barely miss the adder.
The adder is almost dead.
The adder bites you.
You are poisoned.
The adder poisons you!
You miss the adder.
The adder is almost dead.
You feel sick. The adder misses you. The adder closely misses you.
You miss the adder.
The adder is almost dead.
You feel sick. The adder bites you.
You completely miss the adder.
The adder is almost dead.
You feel sick. The adder bites you.
* * * LOW HITPOINT WARNING * * *
You closely miss the adder.
The adder is almost dead.
You feel sick. The adder bites you.
* * * LOW HITPOINT WARNING * * *
You are lethally poisoned!
The adder poisons you! The adder bites you but does no damage.
You miss the adder.
The adder is almost dead.
* * * LOW HITPOINT WARNING * * *
You feel sick. The adder bites you.
You die...

... ..##### .......
......# ......+ #####+#
<.....#
.......#S.....#.#
.......@........
...........#...##
................#### .
..#####......##.#.. .. .
#......##.#.####<.
###....#....#.......
#................###
#####.#...#.#.##........
#.......###.#.##...#####


You could see an adder.

Vanquished Creatures
  An adder (D:2)
  3 ball pythons (D:1)
  2 endoplasms
  5 hobgoblins
  2 quokkas (D:1)
  2 bats (D:2)
  3 frilled lizards (D:1)
  4 goblins
  A rat (D:1)
23 creatures vanquished.

Notes
Turn   | Place    | Note
-------+----------+-------------------------------------------
     0 | D:1      | Marvel the Merfolk Gladiator began the quest for the Orb.
     0 | D:1      | Reached XP level 1. HP: 16/16 MP: 1/1
   256 | D:1      | Reached XP level 2. HP: 13/22 MP: 2/2
  1030 | D:2      | Reached XP level 3. HP: 9/27 MP: 3/3
  1212 | D:2      | Slain by an adder

Illustrated notes

Levels and vault maps discovered:
D:1:      scummos_arrival_gate, layout_loops_corners
D:2:      layout_basic, grunt_ministairs_1, uniq_robin

Skill      XL: |  1  2 |
---------------+-------+-----
Short Blades   | 4 |  4.3
Fighting       | |  2.3
Throwing       | |  2.2
Armour         | |  0.2
Dodging        | |  4.6
Stealth        | |  0.2

Action                     || total
---------------------------++-------
  Melee: Rapier            ||    89
         Punch             ||     2
   Stab: Sleeping          ||     1
 Armour: Leather armour    ||    42
  Dodge: Dodged            ||    58
